 Dungeon Crawl Stone Soup version 0.29-a0-838-g385bb11a5b (webtiles) character file.

Game seed: 16116561366843128880

380 zeratav the Tainter (level 6, 0/36 HPs)
             Began as an Octopode Venom Mage on July 13, 2022.
             Slain by a gnoll
             ... wielding a +0 flail
              (11 damage)
             ... on level 4 of the Dungeon.
             The game lasted 00:04:10 (3968 turns).

zeratav the Tainter (Octopode Venom Mage)           Turns: 3968, Time: 00:04:12

Health: 0/36       AC:  1    Str:  8    XL:     6   Next: 75%
Magic:  9/9        EV: 13    Int: 19    God:
Gold:   91         SH:  0    Dex: 12    Spells: 8/9 levels left

rFire   . . .      SeeInvis +   o - +3 dagger (drain) {short}
rCold   . . .      Faith    .   (no shield)
rNeg    . . .      Spirit   .   (helmet restricted)
rPois   .          Reflect  .   (no amulet)
rElec   .          Harm     .   d - ring of see invisible
rCorr   .          Rampage  .   (no ring)
Will    .....                   (no ring)
Stlth   ++++......              (no ring)
HPRegen 0.12/turn               (no ring)
MPRegen 0.11/turn               (no ring)
                                (no ring)
                                (no ring)

@: no status effects
A: almost no armour, amphibious, 8 rings, camouflage 1, gelatinous body 1,
(nimble swimmer 1), tentacles
a: no special abilities


You were on level 4 of the Dungeon.
You visited 1 branch of the dungeon, and saw 4 of its levels.

You collected 91 gold pieces.


Innate Abilities, Weirdness & Mutations

You cannot wear most types of armour.
You are amphibious.
You can wear up to eight rings at the same time.
Your skin changes colour to match your surroundings (Stealth+).
Your rubbery body absorbs attacks. (AC +1, EV +1)
((You are camouflaged when in or above water. (Stealth+)))
You have tentacles for arms and can constrict up to eight enemies at once.


   Skills:
 - Level 2.0 Dodging
 - Level 5.0 Stealth
 - Level 2.0 Spellcasting
 - Level 1.0 Transmutations
 + Level 8.1 Poison Magic


You had 8 spell levels left.
You knew the following spells:

 Your Spells              Type           Power      Damage    Failure   Level
a - Sting                 Tmut/Pois      76%        1d6       2%          1

Your spell library contained the following spells:

 Spells                   Type           Power      Damage    Failure   Level
 Poisonous Vapours        Pois/Air       34%        N/A       4%          2
 Olgreb's Toxic Radiance  Pois           32%        N/A       6%          4
 Mephitic Cloud           Conj/Pois/Air  12%        N/A       17%         3
 Gell's Gravitas          Tloc           1%         N/A       45%         3
 Lesser Beckoning         Tloc           1%         N/A       45%         3
 Teleport Other           Tloc           1%         N/A       45%         3

Inventory:

Hand Weapons
 g - a +1 short sword of speed {short}
   (You took it off a kobold on level 1 of the Dungeon)
 o - a +3 dagger of draining (weapon) {short}
   (You took it off Jessica on level 2 of the Dungeon)
Jewellery
 d - a ring of see invisible (left tentacle)
   (You found it on level 1 of the Dungeon)
 f - a ring of ice
   (You found it on level 1 of the Dungeon)
 r - an amulet of faith {!P}
   (You found it on level 3 of the Dungeon)
Wands
 n - a wand of roots (4)
   (You took it off Jessica on level 2 of the Dungeon)
Scrolls
 b - a scroll of torment {unknown}
 h - a scroll of summoning {unknown}
 i - a scroll of teleportation {unknown}
 j - 3 scrolls of identify {unknown}
 k - a scroll of fear {unknown}
 l - a scroll of magic mapping {unknown}
 q - a scroll of blinking {unknown}
Potions
 a - a potion of magic
 c - a potion of cancellation {unknown}
 e - a potion of lignification {unknown}
 m - a potion of attraction {unknown}
 p - a potion of flight {unknown}

Dungeon Overview and Level Annotations

Branches:
Dungeon (4/15) Zot: 20042
 Temple: D:4-7

Altars:

Shops:
D:2

( ...# ... ##
..# ##.####
###.. #.....#
###.... #.....##
.......##......#
.......g.go.#
.......Jg.###
.......@g.#
.............#
..........$o..#
.##.....#.....#
#.....#.....#
#.........$.#
............#
........ .....


You could see 4 gnolls, 2 orcs and an endoplasm.


Message History

No target in view!
Found a stone staircase leading up.
Key pressed, stopping explore.
There is a stone staircase leading up here.
Found a stone staircase leading down.
No target in view!
No target in view!
There is a stone staircase leading down here.
You see here a +0 scale mail.
There is an open door here.
There is a stone staircase leading down here.
You open the door.
There is an open door here.
Things that are here:
a +0 dagger {short}; 5 stones {throwing}; a +0 robe
Found a stone staircase leading down.
An orc comes into view. It is wielding a +0 flail.
An orc is nearby!
An orc is nearby!
An orc is nearby!
A rat comes into view.
A rat comes into view.
There is an open door here.
The helpless orc fails to defend itself.
You impale the orc!!
You kill the orc!
You hit the rat.
You kill the rat!
The helpless rat fails to defend itself.
You puncture the rat!
You kill the rat!
No target in view!
No target in view!
No target in view!
A ball python comes into view.
The ball python moves out of view.
A ball python is nearby!
A ball python is nearby!
A ball python is nearby!
The ball python hisses angrily.
The ball python closely misses you. x2
You hit the ball python.
You kill the ball python!
No target in view!
No target in view!
No target in view!
No target in view!
No target in view!
You now have 91 gold pieces (gained 6).
There is an open door here.
You see here a +0 mace {mace}.
You open the door.
There is an open door here.
There is an open door here.
You see here a +0 quarterstaff {staff}.
Key pressed, stopping explore.
Done exploring.
Done exploring.
Done exploring.
(D) Dungeon
Where to? (Enter - D:3, ? - help)
You see here a +0 quarterstaff {staff}.
There is an open door here.
There is an open door here.
There is an open door here.
There is an open door here.
There is a stone staircase leading down here.
You climb downwards.
There is a stone staircase leading up here.
There are monsters nearby!
The gnoll shouts! x2; You hear a shout!
The gnoll shouts!
You hear a shout! x2
The endoplasm misses you.
You closely miss the gnoll. You grab the gnoll.
You constrict the gnoll, but do no damage.
The endoplasm completely misses you. The gnoll closely misses you.
You release your grip on the gnoll.
The gnoll attacks as you move away! The gnoll closely misses you.
The gnoll barely misses you. The gnoll hits you with a +0 club.
HP[-5]
You take 5 damage, and now have 31/36 hp.
An orc comes into view. It is wielding a +0 falchion.
There are monsters nearby!
There are monsters nearby!
The endoplasm freezes you.
You are frozen.
The gnoll hits you with a +0 flail!
* * * LOW HITPOINT WARNING * * *
HP[-13]
You take 13 damage, and now have 18/36 hp.
MASSIVE DAMAGE!! (PAUSE)
The gnoll hits you with a +0 flail.
* * * LOW HITPOINT WARNING * * *
There is a stone staircase leading up here.
HP[-6]
You take 6 damage, and now have 12/36 hp.
The endoplasm freezes you.
You are frozen.
* * * LOW HITPOINT WARNING * * *
The gnoll misses you. The gnoll barely misses you.
The gnoll hits you with a +0 flail!
You die...

Skill      XL: |  1  2  3  4  5  6 |
---------------+-------------------+-----
Stealth        | 3 4 5 |  5.0
Poison Magic   | 4 5 7 8 |  8.1
Dodging        | |  2.0
Spellcasting   | |  2.0
Transmutations | |  1.0

Action                   |  1- 3 |  4- 6 || total
-------------------------+-------+-------++-------
Melee: Unarmed           |     5 |       ||     5
       Constrict         |    14 |    17 ||    31
       Dagger            |    36 |    41 ||    77
       Tentacles         |    12 |    11 ||    23
       Short sword       |    13 |    26 ||    39
       Punch             |       |     1 ||     1
 Cast: Sting             |    20 |    11 ||    31
 Stab: Sleeping          |     6 |    14 ||    20
       Distracted        |       |     1 ||     1
Armor: Skin              |    15 |     3 ||    18
Dodge: Dodged            |    37 |    35 ||    72

Levels and vault maps discovered:
D:1:      wander_arrival_peaceful_grave, layout_rooms, minmay_misc_feat_plants,
          serial_park_tiny_2, amcnicky_mini_corridor_feature
D:2:      minmay_spotlight, layout_loops_ring,
          ebering_ecumenical_altar_abandoned, serial_shops,
          nicolae_shop_statue_plus, uniq_jessica, uniq_terence
D:3:      layout_loops_corners, uniq_sigmund
D:4:      layout_cave_pools, hellmonk_ghost_happy_afterlife,
          nicolae_shop_gadgets

Notes
Turn   | Place    | Note
-------+----------+-------------------------------------------
     0 | D:1      | zeratav the Octopode Venom Mage began the quest for the
                  | Orb.
     0 | D:1      | Reached XP level 1. HP: 11/11 MP: 3/3
     0 | D:1      | magus.rc [v1.9.6]
    43 | D:1      | HP: 2/11 [kobold/+0 club (2)]
    45 | D:1      | Reached skill level 3 in Stealth
   352 | D:1      | Reached XP level 2. HP: 17/17 MP: 5/5
   354 | D:1      | Reached skill level 4 in Poison Magic
   829 | D:1      | Reached XP level 3. HP: 15/21 MP: 6/6
  1058 | D:2      | Reached skill level 4 in Stealth
  1198 | D:2      | HP: 3/21 [worm (12)]
  1577 | D:2      | HP: 5/21 [gnoll/+0 whip (7)]
  1904 | D:1      | Reached XP level 4. HP: 27/27 MP: 3/7
  1950 | D:2      | Reached skill level 5 in Poison Magic
  2029 | D:2      | Found a faded altar of an unknown god.
  2096 | D:2      | Found Hoppaosese's Antique Weapon Shoppe.
  2187 | D:2      | Reached skill level 5 in Stealth
  2333 | D:2      | Noticed Jessica
  2341 | D:2      | Killed Jessica
  2342 | D:2      | Reached XP level 5. HP: 23/31 MP: 4/8
  2572 | D:2      | Noticed Terence
  2585 | D:2      | Killed Terence
  2586 | D:2      | Reached skill level 6 in Poison Magic
  3036 | D:3      | Noticed Sigmund
  3049 | D:3      | HP: 6/31 [Sigmund/puff of flame (10)]
  3051 | D:3      | Killed Sigmund
  3052 | D:3      | Reached skill level 7 in Poison Magic
  3052 | D:3      | Reached XP level 6. HP: 7/36 MP: 2/9
  3344 | D:3      | You pick up a book of Displacement and begin reading...
  3344 | D:3      | You add the spells Lesser Beckoning, Gell's Gravitas and
                  | Teleport Other to your library.
  3576 | D:3      | Reached skill level 8 in Poison Magic
  3968 | D:4      | Slain by a gnoll

Vanquished Creatures
  Sigmund (D:3)
  An iguana (D:3)
  Jessica (D:2)
  Terence (D:2)
  2 adders
  4 gnolls
  3 worms (D:2)
  A dart slug (D:2)
  5 orcs (D:3)
  5 ball pythons
  7 bats
  3 endoplasms
  2 giant cockroaches (D:2)
  4 goblins
  8 hobgoblins
  7 kobolds
  3 quokkas
  A frilled lizard (D:1)
  10 rats
69 creatures vanquished.

Table legend:
 A = Non-vault XP
 B = Vault XP
 C = Vault XP percentage of total XP
 D = Non-vault monster count
 E = Vault monster count
 F = Vault count percentage of total count
                 A         B        C        D         E       F
            +---------+---------+-------+---------+---------+-------
      Total |     225 |     318 |  58.6 |      62 |       7 |  10.1
            +---------+---------+-------+---------+---------+-------
        D:1 |      52 |       0 |   0.0 |      24 |       0 |   0.0
        D:2 |      87 |      79 |  47.6 |      18 |       6 |  25.0
        D:3 |      86 |     239 |  73.5 |      20 |       1 |   4.8
            +---------+---------+-------+---------+---------+-------

Illustrated notes

Table legend:
 A = Kills in this place as a percentage of kills in entire the game.
 B = Kills by you in this place as a percentage of kills by you in the entire game.
 C = Kills by friends in this place as a percentage of kills by friends in the entire game.
 D = Other kills in this place as a percentage of other kills in the entire game.
 E = Experience gained in this place as a percentage of experience gained in the entire game.
 F = Experience gained in this place divided by the number of levels of this place that you have seen.
                   A       B       C       D       E      F
               +-------+-------+-------+-------+-------+----------------------
         Total | 100.0 | 100.0 |   N/A |   N/A | 100.0 | 135.8
       Dungeon | 100.0 | 100.0 |   N/A |   N/A | 100.0 | 135.8
               +-------+-------+-------+-------+-------+----------------------

Table legend: (Time is in decaauts)
 A = Elapsed time spent in this place.
 B = Non-inter-level travel time spent in this place.
 C = Inter-level travel time spent in this place.
 D = Time resting spent in this place.
 E = Time spent auto-exploring this place.
 F = Levels seen in this place.
 G = Mean time per level.
                   A        B        C        D        E       F      G
               +--------+--------+--------+--------+--------+-----+--------+
         Total |   3956 |   3879 |     77 |   1054 |   2316 |   4 |  989.0 |
       Dungeon |   3956 |   3879 |     77 |   1054 |   2316 |   4 |  989.0 |
               +--------+--------+--------+--------+--------+-----+--------+

Top non-repeatable levels by time:
     D:1: 1403 daAuts
     D:3: 1276 daAuts
     D:2: 1268 daAuts
     D:4: 7 daAuts
